 Dungeon Crawl Stone Soup version 0.20-a0-1016-g241539b (webtiles) character file.

164 FastMan the Shield-Bearer (level 5, 0/41 HPs)
             Began as a Formicid Fighter on Apr 16, 2017.
             Killed by divine providence
             ... invoked by an orc priest
              (10 damage)
             ... on level 3 of the Dungeon.
             The game lasted 00:01:30 (2406 turns).

FastMan the Shield-Bearer (Formicid Fighter)        Turns: 2406, Time: 00:01:30

Health: 0/41       AC:  6    Str: 26    XL:     5   Next: 73%
Magic:  5/5        EV:  8    Int:  7    God:
Gold:   61         SH: 10    Dex: 11    Spells: 4/4 levels left

rFire    . . .     SeeInvis +   a - +0 war axe
rCold    . . .     Gourm    .   c - +0 shield
rNeg     . . .     Faith    .   s - +0 scale mail
rPois    .         Spirit   .   (helmet unavailable)
rElec    .         Reflect  .   (no cloak)
rCorr    .         Harm     .   (no gloves)
MR       .....                  (no boots)
Stlth    ..........             (no amulet)
Regen    0.2/turn               (no ring)
MPRegen  0.1/turn               (no ring)

@: mighty
A: permanent stasis, dig shafts and tunnels, four strong arms, antennae 3
a: Dig, Shaft Self


You were on level 3 of the Dungeon.
You were not hungry.

You visited 1 branch of the dungeon, and saw 3 of its levels.

You collected 61 gold pieces.

Inventory:

Hand Weapons
 a - a +0 war axe (weapon)
 b - a cursed -1 morningstar
Armour
 c - a +0 shield (worn)
 s - a +0 scale mail (worn)
Scrolls
 g - 2 scrolls of identify {unknown}
 h - a scroll of remove curse {unknown}
 p - a scroll of recharging {unknown}
 r - a scroll of enchant armour {unknown}
Potions
 e - a potion of haste {unknown}
 i - a potion of berserk rage
 j - a potion of lignification {unknown}
 k - a potion of mutation {unknown}
 l - 2 potions of curing {@q1}
 m - a potion of invisibility {unknown}
 o - a potion of ambrosia {unknown}
Comestibles
 f - 2 bread rations {@e1}
 n - 2 meat rations {@e2}


   Skills:
 - Level 3.2 Fighting
 * Level 4.4 Axes
 - Level 3.2 Armour
 + Level 5.2 Shields


You had 4 spell levels left.
You didn't know any spells.

Dungeon Overview and Level Annotations

Branches:
Dungeon (3/15)

Altars:

Annotations:
D:3 Sigmund


Innate Abilities, Weirdness & Mutations

You cannot be hasted, slowed, berserked, paralysed or teleported.
You can dig through walls and to a lower floor.
Your four strong arms can wield two-handed weapons with a shield.
You have a pair of large antennae on your head. (SInv)


Message History

You are confused.
The orc priest hits you with a hand axe!
* * * LOW HITPOINT WARNING * * *
The orc wizard hits you but does no damage.
Sigmund closely misses you.
Things that are here:
a dagger of holy wrath; an orc corpse Unknown command.
It was a potion of berserk rage.
Your stasis prevents you from going berserk.
The orc priest hits you with a hand axe.
* * * LOW HITPOINT WARNING * * *
The orc wizard barely misses you.
It was a potion of curing.
You feel better.
Sigmund points at you and mumbles some strange words.
The magic dart hits you!
* * * LOW HITPOINT WARNING * * *
The orc priest calls down the wrath of Beogh upon you.
Beogh smites you!
You die...

#####.###.. #.#
### ## # #.# #. .
#+# #. .# #.###.#
{ #.#.#.# #.
######.oo@.##... #
.......@.....$.. +
######.......... #
##..######.
###.#### #......#
#.#.##.# #+#
#>#.##.# #.#
#.#.##.# #.#
#.#....#######.###


You could see Sigmund, an orc priest and an orc wizard (invisible).

Vanquished Creatures
  Terence (D:2)
  4 adders (D:2)
  3 gnolls (D:3)
  2 worms (D:2)
  2 dart slugs
  3 leopard geckos
  4 orcs (D:3)
  A ball python (D:2)
  3 giant cockroaches
  7 hobgoblins
  3 jackals (D:2)
  8 kobolds
  4 bats (D:1)
  2 frilled lizards
  7 goblins
  5 rats
59 creatures vanquished.

Notes
Turn   | Place    | Note
-------+----------+-------------------------------------------
     0 | D:1      | FastMan the Formicid Fighter began the quest for the Orb.
     0 | D:1      | Reached XP level 1. HP: 18/18 MP: 1/1
   138 | D:1      | Reached XP level 2. HP: 24/24 MP: 2/2
   289 | D:1      | Reached skill level 4 in Shields
   446 | D:1      | Reached XP level 3. HP: 26/29 MP: 3/3
   717 | D:2      | Reached XP level 4. HP: 32/35 MP: 4/4
  1125 | D:2      | Noticed Terence
  1135 | D:2      | Killed Terence
  1306 | D:2      | Reached XP level 5. HP: 38/41 MP: 5/5
  1385 | D:2      | Reached skill level 5 in Shields
  2394 | D:3      | Noticed Sigmund
  2405 | D:3      | HP: 1/41 [orc priest/hand axe (6)]
  2406 | D:3      | Killed from afar by an orc priest

Vault maps used:
D:1:      shiori_arrival_oz
D:2:      first_bread, minmay_liquid_box, uniq_terence
D:3:      uniq_natasha, uniq_iyjb, uniq_sigmund

Skill      XL: |  1  2  3  4  5 |
---------------+----------------+-----
Shields        | 4 5 |  5.2
Axes           | 3 4 |  4.4
Fighting       | |  3.2
Armour         | |  3.2

Action                   |  1- 3 |  4- 6 || total
-------------------------+-------+-------++-------
Melee: War axe           |   102 |   127 ||   229
  Use: Potion            |       |     3 ||     3
  Eat: Chunk             |       |     5 ||     5
Armor: Scale mail        |    44 |    57 ||   101
Dodge: Dodged            |    35 |    36 ||    71
Block: Shield            |    65 |    70 ||   135
